 Dungeon Crawl Stone Soup version 0.26-a0-58-g79b31b8662 (webtiles) character file.

Game seed: 16660572700639276912

42 BritishOli the Skirmisher (level 3, -1/29 HPs)
             Began as a Demonspawn Monk on June 8, 2020.
             Slain by Terence
             ... wielding a +1 falchion of protection
              (6 damage)
             ... on level 2 of the Dungeon.
             The game lasted 00:01:47 (1437 turns).

BritishOli the Skirmisher (Demonspawn Monk)         Turns: 1437, Time: 00:01:47

Health: -1/29      AC:  4    Str: 12    XL:     3   Next: 35%
Magic:  3/3        EV: 13    Int: 11    God:
Gold:   91         SH:  0    Dex: 15    Spells: 2/2 levels left

rFire    . . .     SeeInvis .   a - +0 falchion
rCold    . . .     Gourm    .   (no shield)
rNeg     . . .     Faith    .   b - +0 robe
rPois    .         Spirit   .   (helmet restricted)
rElec    .         Reflect  .   (no cloak)
rCorr    .         Harm     .   (no gloves)
MR       +....                  (no boots)
Stlth    ++........             (no amulet)
HPRegen  0.09/turn              f - ring of protection from magic
MPRegen  0.08/turn              (no ring)

@: no status effects
A: antennae 1, yellow scales 1
a: no special abilities


You were on level 2 of the Dungeon.
You were hungry.

You visited 1 branch of the dungeon, and saw 2 of its levels.

You collected 91 gold pieces.

Inventory:

Hand Weapons
 a - a +0 falchion (weapon)
Armour
 b - a +0 robe (worn)
Jewellery
 f - a ring of protection from magic (left hand)
Scrolls
 e - 2 scrolls of identify {unknown}
 h - a scroll of fog {unknown}
Potions
 d - a potion of might {unknown}
 i - 2 potions of curing {unknown}
Comestibles
 c - a ration


   Skills:
 + Level 3.3 Fighting
 + Level 3.3 Long Blades
 * Level 1.0 Armour
 + Level 3.0 Dodging
 + Level 1.7 Stealth


You had 2 spell levels left.
You didn't know any spells.
Your spell library was empty.

Dungeon Overview and Level Annotations

Branches:
Dungeon (2/15)

Altars:
Hepliaklqana

Annotations:
D:2 Terence


Innate Abilities, Weirdness & Mutations

You have a pair of small antennae on your head.
You are partially covered in yellow scales. (AC +2)


Message History

Terence is moderately wounded.
Terence barely misses you.
You closely miss Terence.
Terence is moderately wounded.
Terence closely misses you.
You hit Terence but do no damage.
Terence is moderately wounded.
Terence hits you with a +1 falchion of protection.
* * * LOW HITPOINT WARNING * * *
You hit Terence but do no damage.
Terence is moderately wounded.
Terence hits you with a +1 falchion of protection.
* * * LOW HITPOINT WARNING * * *
You hit Terence.
Terence is heavily wounded.
Terence hits you but does no damage.
You hit Terence but do no damage.
Terence is heavily wounded.
Terence hits you with a +1 falchion of protection.
You die...

#..##.....##.# ....
#..#.......#.##..)
##..#.......#.#...
#$......_.....#..#
#...#.......#@...# .
#...#.....[.#....#..l
#...##.....##).....$#
#.####.####.?#
#.......@@g.##
##########....######
#.......##.....#
#.......##.##...#
#>......##.##.#.#
#..........##.#..#
#<.................
#.(.....#####......
#.......# #.....##


You could see Terence and a hobgoblin.

Vanquished Creatures
  An ooze (D:2)
  3 dart slugs
  2 leopard geckos (D:1)
  2 giant cockroaches (D:1)
  4 hobgoblins
  7 bats (D:1)
  4 frilled lizards (D:1)
  6 kobolds
  4 rats (D:1)
33 creatures vanquished.

Notes
Turn   | Place    | Note
-------+----------+-------------------------------------------
     0 | D:1      | BritishOli the Demonspawn Monk began the quest for the Orb.
     0 | D:1      | Reached XP level 1. HP: 18/18 MP: 1/1
   431 | D:1      | Gained mutation: You have a pair of small antennae on your
                  | head. [demonic ancestry]
   431 | D:1      | Reached XP level 2. HP: 24/24 MP: 2/2
   974 | D:1      | Gained mutation: You are partially covered in yellow
                  | scales. (AC +2) [demonic ancestry]
   974 | D:1      | Reached XP level 3. HP: 29/29 MP: 3/3
  1263 | D:2      | Reached skill level 1 in Armour
  1283 | D:2      | Found a hazy altar of Hepliaklqana.
  1406 | D:2      | Noticed Terence
  1437 | D:2      | Slain by Terence

Illustrated notes

Levels and vault maps discovered:
D:1:      psy_arrival_spokes, layout_basic, st_stairs_1, serial_park_tiny_pond,
          corner_web_ring, minmay_tetromino_s2
D:2:      layout_rooms, old_standard_altar, uniq_terence

Skill      XL: |  1  2  3 |
---------------+----------+-----
Long Blades    | 3 |  3.3
Armour         | 1 |  1.0
Dodging        | 3 |  3.0
Fighting       | |  3.3
Stealth        | |  1.7

Action                   || total
-------------------------++-------
Melee: Falchion          ||   103
 Stab: Sleeping          ||     8
  Eat: Chunk             ||     1
Armor: Robe              ||    18
Dodge: Dodged            ||    74
       Rpst.: Falchion   ||    21

Table legend:
 A = Non-vault XP
 B = Vault XP
 C = Vault XP percentage of total XP
 D = Non-vault monster count
 E = Vault monster count
 F = Vault count percentage of total count
                 A         B        C        D         E       F
            +---------+---------+-------+---------+---------+-------
      Total |      56 |       5 |   8.2 |      29 |       4 |  12.1
            +---------+---------+-------+---------+---------+-------
        D:1 |      41 |       5 |  10.9 |      24 |       4 |  14.3
        D:2 |      15 |       0 |   0.0 |       5 |       0 |   0.0
            +---------+---------+-------+---------+---------+-------
